 Dungeon Crawl Stone Soup version 0.27-a0-457-gba82baf56e (webtiles) character file.

Game seed: 8717521928319173894

125 Morbidden the Ruffian (level 4, -2/41 HPs)
             Began as a Troll Transmuter on Feb 28, 2021.
             Killed by divine providence
             ... invoked by an orc priest
              (17 damage)
             ... on level 3 of the Dungeon.
             The game lasted 00:02:04 (1626 turns).

Morbidden the Ruffian (Troll Transmuter)            Turns: 1626, Time: 00:02:05

Health: -2/41      AC:  4    Str: 18    XL:     4   Next: 82%
Magic:  5/5        EV: 10    Int: 10    God:
Gold:   148        SH:  0    Dex: 10    Spells: 5/6 levels left

rFire    . . .     SeeInvis .     - Unarmed
rCold    . . .     Faith    .   (no shield)
rNeg     . . .     Spirit   .   a - +0 robe
rPois    .         Reflect  .   (helmet restricted)
rElec    .         Harm     .   (no cloak)
rCorr    +         Rampage  .   (gloves unavailable)
Will     .....                  (boots unavailable)
Stlth    +.........             j - amulet of regeneration
HPRegen  2.13/turn              k - ring of resist corrosion
MPRegen  0.09/turn              n - +4 ring of slaying

@: lethally poisoned (-2 -> -2)
A: large, unfitting armour, claws 3, regeneration 1, shaggy fur 1, tough skin 1
a: no special abilities


You were on level 3 of the Dungeon.
You visited 1 branch of the dungeon, and saw 3 of its levels.

You collected 148 gold pieces.

Inventory:

Missiles
 l - 12 poisoned darts
 o - 49 stones (quivered)
Armour
 a - a +0 robe (worn)
Jewellery
 j - an amulet of regeneration (around neck)
 k - a ring of resist corrosion (left claw)
 n - a +4 ring of slaying (right claw)
Scrolls
 c - a scroll of amnesia {unknown}
 d - 3 scrolls of identify
 e - 4 scrolls of teleportation {unknown}
 f - 3 scrolls of fog {unknown}
 g - 2 scrolls of magic mapping {unknown}
Potions
 b - 3 potions of flight
 h - a potion of invisibility {unknown}
 i - a potion of heal wounds
 m - a potion of mutation {unknown}


   Skills:
 * Level 1.3 Fighting
 * Level 2.3 Dodging
 + Level 4.2 Unarmed Combat
 * Level 1.7 Spellcasting
 * Level 1.7 Transmutations


You had 5 spell levels left.
You knew the following spells:

 Your Spells              Type           Power        Failure   Level
a - Beastly Appendage     Tmut           8%           16%         1

Your spell library contained the following spells:

 Spells                   Type           Power        Failure   Level
 Wereblood                Tmut           4%           24%         2
 Spider Form              Tmut/Pois      1%           56%         3
 Ice Form                 Ice/Tmut       2%           92%         4
 Blade Hands              Tmut           2%           99%         5


Dungeon Overview and Level Annotations

Branches:
Dungeon (3/15)

Altars:


Innate Abilities, Weirdness & Mutations

You are too large for most types of armour.
You have claws for hands.
Your natural rate of healing is unusually fast.
You are covered in fur. (AC +1)
You have tough skin. (AC +1)


Message History

[Y]es or [N]o only, please.
Really abort (and waste the scroll)?
b - 3 potions of flight The adder bites you.
* * * LOW HITPOINT WARNING * * *
You are poisoned.
The adder poisons you!
Unknown command.
It was a potion of heal wounds.
You feel much better.
You feel sick. The adder barely misses you. The orc closely misses you.
Unknown command.
Unknown command.
You scratch the adder.
The adder is lightly wounded.
The adder bites you.
You are more poisoned.
The adder poisons you! The orc closely misses you.
Unknown command.
Unknown command.
You barely miss the adder.
The adder is lightly wounded.
You feel sick. The adder bites you.
The orc wizard points at itself and mumbles some strange words.
The orc wizard flickers and vanishes!
Deactivating autopickup; reactivate with Ctrl-A.
Unknown command.
Unknown command.
Unknown command.
You barely miss the orc priest.
You feel sick. The adder bites you but does no damage.
The orc priest invokes the aid of Beogh against you.
Beogh smites you! The adder bites you.
Unknown command.
You claw the orc priest!
The orc priest is severely wounded.
You feel sick. The orc hits you but does no damage.
The adder barely misses you.
The orc priest invokes the aid of Beogh against you.
Beogh smites you!
You die...

#.# # #.# # ###.#
# #...# # #.#.# #
#.################
#..........r......
#.#...#...#o..#...
#.........@So.....
###...#...#o..#...
#................
#################


You could see an orc priest, an adder, 2 orcs and a rat.

Vanquished Creatures
  4 gnolls (D:2)
  3 adders
  An ooze (D:2)
  2 worms (D:2)
  A leopard gecko (D:2)
  2 ball pythons (D:2)
  5 bats
  4 giant cockroaches
  3 goblins
  3 hobgoblins
  7 jackals (D:1)
  4 kobolds
  3 frilled lizards
  8 rats
50 creatures vanquished.

Notes
Turn   | Place    | Note
-------+----------+-------------------------------------------
     0 | D:1      | Morbidden the Troll Transmuter began the quest for the Orb.
     0 | D:1      | Reached XP level 1. HP: 18/18 MP: 1/1
   100 | D:1      | Reached skill level 1 in Fighting
   102 | D:1      | Reached XP level 2. HP: 25/27 MP: 3/3
   711 | D:2      | Reached XP level 3. HP: 33/33 MP: 4/4
  1242 | D:2      | You fall into a shaft and drop 1 floor!
  1279 | D:3      | Reached XP level 4. HP: 41/41 MP: 5/5
  1416 | D:2      | Reached skill level 4 in Unarmed Combat
  1626 | D:3      | Killed from afar by an orc priest

Illustrated notes

Levels and vault maps discovered:
D:1:      elethiomel_arrival_infinity_welcomes_careful_drivers, layout_rooms,
          lemuel_old_faithful
D:2:      layout_basic
D:3:      layout_loops_ring, lemuel_coloured_pillars_altar, tgw_sif,
          general_overflow_altar

Skill      XL: |  1  2  3  4 |
---------------+-------------+-----
Fighting       | 1 |  1.3
Dodging        | 2 |  2.3
Unarmed Combat | 4 |  4.2
Spellcasting   | |  1.7
Transmutations | |  1.7

Action                   |  1- 3 |  4- 6 || total
-------------------------+-------+-------++-------
Melee: Unarmed           |    87 |    21 ||   108
       Punch             |     1 |       ||     1
       Kick              |       |     1 ||     1
Throw: Stone             |       |     1 ||     1
 Cast: Beastly Appendage |     1 |     2 ||     3
  Use: Scroll            |       |     1 ||     1
       Potion            |       |     1 ||     1
Armor: Robe              |    28 |     5 ||    33
Dodge: Dodged            |    46 |    11 ||    57

Table legend: (Time is in decaauts)
 A = Elapsed time spent in this place.
 B = Non-inter-level travel time spent in this place.
 C = Inter-level travel time spent in this place.
 D = Time resting spent in this place.
 E = Time spent auto-exploring this place.
 F = Levels seen in this place.
 G = Mean time per level.
                   A        B        C        D        E       F      G
               +--------+--------+--------+--------+--------+-----+--------+
         Total |   1618 |   1508 |    110 |      0 |   1230 |   3 |  539.3 |
       Dungeon |   1618 |   1508 |    110 |      0 |   1230 |   3 |  539.3 |
               +--------+--------+--------+--------+--------+-----+--------+

Top non-repeatable levels by time:
     D:2: 804 daAuts
     D:1: 684 daAuts
     D:3: 130 daAuts
